Map: Overgrown Facility

Players

ДОМИНАТОРША

  • Race: Protoss Protoss
  • League: Master
  • Spawn Location: 7:00

Bud

  • Race: Zerg Zerg
  • League: Diamond
  • Spawn Location: 9:00

Bassmarine - Winner!

  • Race: Terran Terran
  • Spawn Location: 3:00

PureLegacy - Winner!

  • Race: Terran Terran
  • Spawn Location: 1:00

VOD

Have the link to the VOD?

Description

Time

  • Played on: Nov. 28, 2018, 10:24 p.m.
  • Length: 8:50
Show
View Real Time Build Order
Export as new Build Order

ДОМИНАТОРША Protoss 

Build Orders:  

Get SALT Encoding   

  12  0:01  Probe  
  13  0:13  Probe  
  14  0:24  Pylon  
  14  0:25  Probe  
  14  0:28  Assimilator  
  15  0:42  Probe  
  16  0:45  Gateway  
  16  0:52  Probe  
  16  0:55  Assimilator  
  17  1:00  Probe  
  17  1:08  Probe  
  18  1:16  Probe  
  19  1:24  Probe  
  20  1:32  Cybernetics Core  
  21  1:37  Gateway  
  21  1:46  Pylon  
  21  1:48  Warp Gate  
  21  1:49  Probe  
  22  2:01  Probe  
  23  2:05  Gateway  
  23  2:17  Stalker  
  25  2:25  Stalker  
  26  2:43  Gateway  
  26  2:51  Stalker  
  28  3:00  Pylon  
  28  3:06  Pylon  
  28  3:17  Stalker  
  30  3:22  Pylon  
  32  3:49  Pylon  
  30  3:58  Stalker x3  
  30  4:01  Stalker  
  38  4:19  Pylon  
  38  4:22  Stalker x2  
  42  4:24  Stalker  
  44  4:52  Stalker x3  
  32  5:09  Sentry  
  34  5:20  Nexus  
  34  5:31  Probe  
  34  5:32  Stalker  
  37  5:40  Stalker  
  39  5:52  Stalker  
  39  5:54  Sentry  
  43  5:58  Probe  
  44  6:10  Probe  
  35  6:40  Stalker x3  
  35  6:43  Stalker  
  35  6:46  Probe x2  
  45  6:54  Probe x2  
  47  7:03  Stalker  
  47  7:04  Probe  
  47  7:06  Stalker  
  52  7:10  Probe  
  52  7:12  Probe  
  53  7:18  Probe  
  53  7:20  Probe  
  55  7:27  Probe  
  41  7:53  Sentry x3  
  41  7:54  Sentry  
  49  8:06  Probe  
  49  8:09  Assimilator  
  49  8:11  Stalker x2  
  54  8:14  Assimilator  
  54  8:17  Stalker x2  
Show
View Real Time Build Order
Export as new Build Order

Bud Zerg 

Build Orders: Pool First 

Get SALT Encoding   

  12  0:01  Drone  
  13  0:12  Overlord  
  13  0:17  Drone  
  14  0:30  Drone  
  14  0:31  Drone  
  14  0:35  Drone  
  17  0:38  Extractor  
  16  0:46  Drone  
  17  0:55  Spawning Pool  
  17  0:56  Drone  
  17  1:21  Hatchery  
  17  1:23  Drone  
  17  1:27  Drone  
  18  1:34  Drone  
  19  1:43  Queen  
  21  1:47  Zergling x2  
  21  1:53  Metabolic Boost  
  22  2:06  Roach Warren  
  22  2:08  Drone  
  22  2:22  Overlord  
  22  2:25  Overlord  
  22  2:48  Roach x3  
  22  2:49  Roach x2  
  32  2:56  Roach  
  33  3:16  Zergling x10  
  38  3:26  Zergling x8  
  42  3:36  Overlord  
  42  3:57  Zergling x8  
  42  3:58  Zergling x6  
  48  4:06  Ravager  
  48  4:07  Ravager x2  
  38  4:39  Zergling x18  
  30  5:01  Drone x2  
  30  5:03  Queen  
  30  5:04  Queen  
  29  5:28  Roach x2  
  29  5:29  Roach x4  
  29  5:31  Drone  
  40  6:12  Extractor  
  40  6:18  Lair  
  40  6:22  Drone x6  
  46  6:39  Drone x6  
  52  6:53  Extractor  
  51  7:04  Extractor  
  51  7:07  Extractor  
  51  7:08  Drone x2  
  51  7:11  Drone  
  51  7:12  Overlord x2  
  52  7:24  Spire  
  52  7:25  Drone  
  52  7:39  Spore Crawler  
  52  7:40  Drone x11  
  62  7:52  Overlord x2  
  62  8:07  Overlord x2  
Show
View Real Time Build Order
Export as new Build Order

Bassmarine Terran - Winner!

Build Orders: Mech 

Get SALT Encoding   

  12  0:05  SCV  
  13  0:19  SCV  
  14  0:31  SCV  
  14  0:33  Supply Depot  
  14  0:35  Refinery  
  15  0:55  Barracks, SCV  
  16  1:07  SCV  
  17  1:19  SCV  
  18  1:31  SCV  
  19  1:39  Command Center  
  19  1:48  Factory  
  19  1:51  Barracks Tech Lab  
  19  1:54  SCV  
  20  2:01  Refinery  
  20  2:06  SCV  
  21  2:10  Marine  
  22  2:18  SCV  
  23  2:26  Supply Depot  
  23  2:37  Orbital Command  
  23  2:44  Armory  
  23  2:56  Siege Tank  
  26  3:00  SCV  
  26  3:05  SCV  
  28  3:09  Marine  
  28  3:12  SCV  
  30  3:20  Supply Depot  
  30  3:23  SCV  
  30  3:24  SCV  
  32  3:34  Siege Tank  
  32  3:35  SCV  
  32  3:41  SCV  
  37  3:43  Supply Depot  
  37  3:54  Factory, SCV x2  
  39  4:06  SCV  
  39  4:07  SCV, Siege Tank  
  44  4:16  Refinery  
  44  4:17  Factory  
  44  4:18  Refinery  
  44  4:21  Supply Depot  
  44  4:22  SCV  
  46  4:24  SCV  
  46  4:40  Factory Tech Lab  
  46  4:59  Siege Tank x2  
  52  5:10  SCV x2  
  52  5:13  Supply Depot  
  54  5:17  Factory  
  54  5:30  Factory Tech Lab, Supply Depot x2  
  55  5:35  SCV x2  
  56  5:43  Command Center  
  56  5:47  SCV  
  57  5:54  Supply Depot  
  57  5:55  Siege Tank  
  60  5:58  SCV  
  61  6:04  Command Center  
  61  6:14  Marine  
  61  6:27  Siege Tank x3  
  61  6:32  Marine  
  69  6:41  SCV x2  
  71  6:47  Factory Tech Lab  
  71  6:50  Terran Vehicle Weapons Level 1  
  71  6:52  Factory  
  71  6:53  SCV x2  
  73  6:57  SCV  
  73  6:59  Siege Tank  
  77  7:05  SCV x2  
  77  7:07  Refinery  
  79  7:09  SCV  
  80  7:17  Thor  
  80  7:19  SCV x2  
  88  7:23  Refinery  
  89  7:30  SCV  
  89  7:36  Thor  
  92  7:52  Thor  
  98  8:03  Thor  
Show
View Real Time Build Order
Export as new Build Order

PureLegacy Terran - Winner!

Build Orders:  

Get SALT Encoding   

  12  0:01  SCV  
  13  0:13  SCV  
  14  0:18  Supply Depot  
  14  0:25  SCV  
  15  0:31  Refinery  
  15  0:40  SCV  
  16  0:45  Barracks  
  16  0:52  SCV  
  17  1:03  Barracks  
  17  1:20  Barracks  
  17  1:23  SCV  
  18  1:33  Reaper  
  19  1:40  Orbital Command  
  19  1:51  Reaper  
  19  1:53  Refinery  
  20  2:04  Supply Depot  
  20  2:05  Reaper  
  21  2:19  Reaper  
  21  2:20  SCV  
  23  2:27  Reaper  
  24  2:30  Supply Depot  
  24  2:37  Reaper  
  24  2:43  SCV  
  26  2:51  Reaper  
  26  2:55  SCV  
  28  3:02  Reaper  
  29  3:10  Command Center  
  29  3:15  SCV  
  32  3:37  Barracks Reactor  
  32  3:38  Barracks Tech Lab, Barracks Reactor  
  32  3:40  SCV  
  31  3:42  Factory  
  31  3:52  SCV  
  32  3:55  Supply Depot  
  32  4:02  Marine  
  33  4:06  SCV  
  34  4:10  Bunker  
  34  4:15  Marine x4  
  38  4:24  Marine  
  39  4:45  Marine  
  32  4:57  Marine x2  
  32  4:58  Barracks Tech Lab  
  31  5:10  Factory Reactor  
  31  5:11  Marine x2, Starport  
  31  5:12  Bunker  
  31  5:13  SCV  
  34  5:14  Orbital Command  
  34  5:15  Marine  
  34  5:19  Stimpack  
  35  5:35  SCV  
  36  5:40  Marine  
  36  5:41  Marine x4  
  41  5:45  SCV  
  41  5:47  SCV  
  43  5:52  Supply Depot  
  43  5:56  Medivac x2  
  47  5:57  SCV  
  47  5:59  SCV  
  47  6:10  SCV  
  48  6:15  SCV  
  48  6:16  Marine x4  
  48  6:17  Marauder  
  54  6:22  SCV  
  55  6:27  SCV  
  55  6:28  Supply Depot  
  56  6:36  Barracks, SCV  
  56  6:37  Barracks  
  56  6:39  SCV  
  57  6:56  Marine x4, Marauder  
  57  6:57  Medivac x2  
  57  7:00  Supply Depot  
  69  7:15  SCV x2  
  69  7:20  Engineering Bay x2, Marauder  
  69  7:21  Combat Shield  
  71  7:27  Barracks Tech Lab x2, SCV x2  
  73  7:30  Refinery  
  73  7:31  Refinery  
  73  7:38  Supply Depot  
  73  7:39  SCV  
  73  7:40  SCV  
  69  7:53  Marauder  
  69  7:54  Marauder x2  
  69  7:56  Concussive Shells  
  69  7:58  SCV x2  
  77  8:12  SCV x2  
  79  8:13  Medivac x2  
  79  8:17  Supply Depot  
  83  8:20  Supply Depot  
Tags
 
Add a new tag
Caveats
  • Supply blocks, unpowered buildings, or Contaminate may cause inaccurate times.
  • Supply counts are checked every 10 seconds.